 Dungeon Crawl Stone Soup version 0.32-a0-136-gc02482bde3 (webtiles) character file.

Game seed: 12675392789899145761

207 CougarLife the Digger (level 5, -7/38 HPs)
             Began as a Gnoll Earth Elementalist on Feb 10, 2024.
             Was an Initiate of Vehumet.
             Mangled by Blork the orc
             ... wielding a +2 long sword of electrocution
              (9 damage)
             ... on level 5 of the Dungeon.
             The game lasted 00:03:48 (2933 turns).

CougarLife the Digger (Gnoll Earth Elementalist)    Turns: 2933, Time: 00:03:49

Health: -7/38      AC:  3    Str:  7    XL:     5   Next: 85%
Magic:  8/12       EV: 13    Int: 16    God:    Vehumet [......]
Gold:   38         SH:  0    Dex: 13    Spells: 10/14 levels left

rFire   + . .        r - +0 dagger
rCold   + . .        (no shield)
rNeg    . . .        a - +0 robe
rPois   .            (no helmet)
rElec   .            j - scarf {rC+ rF+}
rCorr   +            (no gloves)
SInv    .            h - +0 pair of boots
Will    .....        (no amulet)
Stlth   +++          p - ring of resist corrosion
HPRegen 0.26/turn    (no ring)
MPRegen 0.13/turn

%: no passive effects
@: no status effects
A: fangs 1, strong nose, distributed training
a: Renounce Religion


You were on level 5 of the Dungeon.
You worshipped Vehumet.
Vehumet was noncommittal.
You visited 2 branches of the dungeon, and saw 7 of its levels.

You collected 116 gold pieces.
You spent 78 gold pieces at shops.

Inventory:

Hand Weapons
 r - a +0 dagger (weapon)
Missiles
 e - a throwing net
Armour
 a - a +0 robe (worn)
 h - a +0 pair of boots (worn)
 j - a scarf of resistance (worn)
Jewellery
 p - a ring of resist corrosion (left hand)
Scrolls
 c - 2 scrolls of teleportation
 f - 4 scrolls of noise
 i - 3 scrolls of butterflies
 o - a scroll of enchant armour {unknown}
Potions
 b - a potion of magic
 d - a potion of attraction {unknown}
 k - a potion of haste {unknown}
 l - a potion of curing {unknown}
 m - a potion of lignification {unknown}
 q - 3 potions of brilliance {unknown}


   Skills:
 + Level 1.7 Fighting
 + Level 1.7 Short Blades
 + Level 1.7 Long Blades
 + Level 1.7 Axes
 + Level 1.7 Maces & Flails
 + Level 1.7 Polearms
 + Level 1.7 Staves
 + Level 1.7 Ranged Weapons
 + Level 1.7 Throwing
 + Level 1.7 Armour
 + Level 4.9 Dodging
 + Level 4.5 Stealth
 + Level 1.7 Shields
 + Level 1.7 Unarmed Combat
 + Level 5.3 Spellcasting
 + Level 2.5 Conjurations
 + Level 1.3 Hexes
 + Level 1.3 Summonings
 + Level 1.3 Necromancy
 + Level 1.3 Translocations
 + Level 1.3 Fire Magic
 + Level 1.3 Ice Magic
 + Level 1.3 Air Magic
 + Level 5.6 Earth Magic
 + Level 1.3 Alchemy
 + Level 2.0 Invocations
 + Level 1.7 Evocations
 + Level 1.5 Shapeshifting


You had 10 spell levels left.
You knew the following spells:

 Your Spells              Type           Power      Damage    Failure   Level
a - Sandblast             Erth           44%        2d11      1%          1
b - Stone Arrow           Conj/Erth      34%        3d9       9%          3

Your spell library contained the following spells:

 Spells                   Type           Power      Damage    Failure   Level
 Passwall                 Erth           22%        N/A       4%          3
 Brom's Barrelling Bould  Conj/Erth      17%        2d4       28%         4
 Petrify                  Alch/Erth      15%        N/A       34%         4


Dungeon Overview and Level Annotations

Branches:
Dungeon (6/15)             Temple (1/1) D:6

Altars:
Dithmenos
Gozag
Kikubaaqudgha
Nemelex Xobeh
Okawaru
Ru
Sif Muna
Vehumet
Wu Jian
Zin

Shops:
D:1 ?   D:2 [

Annotations:
D:5 Blork the orc
D:6 Eustachio


Innate Abilities, Weirdness & Mutations

You have very sharp teeth.
Your uncanny sense of smell can sniff out nearby items.
Your experience applies equally to all skills.


Message History

Blork the orc comes into view.
He is wielding a +2 long sword of electrocution and wearing a +2 robe of willpower.
Blork the orc shouts!
Eustachio the Magnificent comes into view.
He is wielding a +0 falchion.
Found a stone staircase leading up.
The blast of sand hits Blork the orc.
Blork the orc is lightly wounded.
Eustachio shouts!
You hear an angry growl.
You hear a shout!
Eustachio gestures wildly while chanting.
Blork the orc gestures wildly while chanting.
Blork the orc seems to speed up.
A jelly comes into view.
Eustachio gestures wildly while chanting.
The jelly quivers.
The blast of sand misses Blork the orc.
Blork the orc casts a spell at you. The puff of flame hits you. You resist.
A black bear comes into view.
Eustachio casts a spell.
Eustachio blinks!
Blork the orc attacks as he pursues you!
Blork the orc hits you with a +2 long sword of electrocution!
You are electrocuted!
Blork the orc hits you with a +2 long sword of electrocution.
* * * LOW HITPOINT WARNING * * *
There is a stone staircase leading up, spattered with blood here.
Blork the orc looks braver for a moment.
You climb upwards.
There is a stone staircase leading down here.
Casting: Sandblast (safe; 1% risk of failure)
Confirm with . or Enter, or press ? or * to list all spells.
Aiming: Stone Arrow (dangerous; 9% risk of failure)
Press: ? - help, Shift-Dir - straight line, f - Blork the orc
Aim: Blork the orc, wielding a +2 long sword of electrocution and wearing a +2 robe of willpower (lightly wounded, fast, 72% to hit)
The stone arrow hits Blork the orc!
Blork the orc is moderately wounded.
The iguana hisses angrily.
Blork the orc hits you with a +2 long sword of electrocution.
* * * LOW HITPOINT WARNING * * *
You are electrocuted!
You die...

#.#..#
.#..#
.#..#
∆
...##
.... ∆
#l.
#.#
#@#
#o#
#.#
#.#
#.#
..#
###


You could see Blork the orc (fast) and an iguana.

Vanquished Creatures
  A black bear (D:4)
  A hound (D:6)
  2 adders
  6 dart slugs
  2 ribbon worms
  4 orcs (D:3)
  2 ball pythons
  3 endoplasms
  6 goblins
  6 hobgoblins
  3 quokkas
  3 bats
  2 frilled lizards
  3 kobolds
  3 rats
47 creatures vanquished.

Notes
Turn   | Place    | Note
-------+----------+-------------------------------------------
     0 | D:1      | CougarLife the Gnoll Earth Elementalist began the quest for
                  | the Orb.
     0 | D:1      | Reached XP level 1. HP: 13/13 MP: 6/6
   246 | D:1      | Found Adeneidus's Magic Scroll Shop.
   343 | D:1      | Reached XP level 2. HP: 19/19 MP: 5/7
  1103 | D:2      | Reached skill level 5 in Spellcasting
  1103 | D:2      | Reached XP level 3. HP: 25/25 MP: 6/9
  1107 | D:2      | Learned a level 3 spell: Stone Arrow
  1363 | D:2      | Found Tumuwufoimiz's Armour Shop.
  1624 | D:3      | Reached skill level 1 in Invocations
  1799 | D:3      | Reached skill level 1 in Fighting
  1799 | D:3      | Reached skill level 1 in Short Blades
  1799 | D:3      | Reached skill level 1 in Long Blades
  1799 | D:3      | Reached skill level 1 in Axes
  1799 | D:3      | Reached skill level 1 in Maces & Flails
  1799 | D:3      | Reached skill level 1 in Polearms
  1799 | D:3      | Reached skill level 1 in Staves
  1799 | D:3      | Reached skill level 1 in Ranged Weapons
  1799 | D:3      | Reached skill level 1 in Throwing
  1799 | D:3      | Reached skill level 1 in Armour
  1799 | D:3      | Reached skill level 1 in Shields
  1799 | D:3      | Reached skill level 1 in Unarmed Combat
  1799 | D:3      | Reached skill level 1 in Evocations
  2178 | D:3      | Reached skill level 1 in Shapeshifting
  2178 | D:3      | Reached XP level 4. HP: 11/32 MP: 3/11
  2188 | D:3      | Found a shimmering blue altar of Sif Muna.
  2479 | D:4      | Reached skill level 1 in Hexes
  2479 | D:4      | Reached skill level 1 in Summonings
  2479 | D:4      | Reached skill level 1 in Necromancy
  2479 | D:4      | Reached skill level 1 in Translocations
  2479 | D:4      | Reached skill level 1 in Fire Magic
  2479 | D:4      | Reached skill level 1 in Ice Magic
  2479 | D:4      | Reached skill level 1 in Air Magic
  2479 | D:4      | Reached skill level 1 in Alchemy
  2550 | D:1      | Bought 2 scrolls of identify for 52 gold pieces
  2550 | D:1      | Bought a scroll of identify for 26 gold pieces
  2624 | D:4      | Noticed a black bear
  2628 | D:4      | Killed a black bear
  2629 | D:4      | Reached XP level 5. HP: 37/37 MP: 2/12
  2820 | D:4      | You fall into a shaft and drop 2 floors!
  2820 | D:6      | Found a staircase to the Ecumenical Temple.
  2824 | Temple   | Entered the Ecumenical Temple
  2852 | Temple   | Became a worshipper of Vehumet
  2925 | D:6      | Noticed Blork the orc
  2926 | D:6      | Noticed Eustachio
  2929 | D:6      | Noticed a black bear
  2932 | D:5      | Entered Level 5 of the Dungeon
  2933 | D:5      | Mangled by Blork the orc

Illustrated notes

Levels and vault maps discovered:
D:1:      dpeg_arrival_boxorama, layout_basic, serial_shops, shop,
          eino_curves_01, kennysheep_pointless_box, st_stairs_12
D:2:      layout_loops_cross, serial_shops, shop_fountains
D:3:      layout_loops_cross, mainiacjoe_overflow_small_starburst
D:4:      layout_rooms, mainiacjoe_overflow_boulevard, nicolae_shop_clearance,
          uniq_crazy_yiuf_cottage
D:5:      layout_loops_ring, nicolae_overflow_hidden_temple, serial_shops,
          shop_statue, nicolae_concentric_dashed_squares_mild
D:6:      layout_rooms, ashenzari_altar_1, minmay_temple_entry_slanted,
          uniq_maggie, uniq_blork_the_orc, uniq_eustachio
Temple:   grunt_temple_mini_profane

Skill      XL: |  1  2  3  4  5 |
---------------+----------------+-----
Conjurations   | 2 |  2.5
Spellcasting   | 5 |  5.3
Invocations    | 1 2 |  2.0
Fighting       | 1 |  1.7
Short Blades   | 1 |  1.7
Long Blades    | 1 |  1.7
Axes           | 1 |  1.7
Maces & Flails | 1 |  1.7
Polearms       | 1 |  1.7
Staves         | 1 |  1.7
Ranged Weapons | 1 |  1.7
Throwing       | 1 |  1.7
Armour         | 1 |  1.7
Shields        | 1 |  1.7
Unarmed Combat | 1 |  1.7
Evocations     | 1 |  1.7
Shapeshifting  | 1 |  1.5
Hexes          | 1 |  1.3
Summonings     | 1 |  1.3
Necromancy     | 1 |  1.3
Translocations | 1 |  1.3
Fire Magic     | 1 |  1.3
Ice Magic      | 1 |  1.3
Air Magic      | 1 |  1.3
Alchemy        | 1 |  1.3
Dodging        | |  4.9
Stealth        | |  4.5
Earth Magic    | |  5.6

Action                     |  1- 3 |  4- 6 || total
---------------------------+-------+-------++-------
  Melee: Unarmed           |     1 |     3 ||     4
   Cast: Sandblast         |    51 |    14 ||    65
         Stone Arrow       |       |     4 ||     4
    Use: Scroll            |       |     5 ||     5
 Armour: Robe              |    11 |     7 ||    18
  Dodge: Dodged            |    12 |     3 ||    15

Table legend: (Time is in decaauts)
 A = Elapsed time spent in this place.
 B = Non-inter-level travel time spent in this place.
 C = Inter-level travel time spent in this place.
 D = Time resting spent in this place.
 E = Time spent auto-exploring this place.
 F = Levels seen in this place.
 G = Mean time per level.
                   A        B        C        D        E       F      G
               +--------+--------+--------+--------+--------+-----+--------+
         Total |   2966 |   2687 |    279 |    228 |   2097 |   7 |  423.7 |
       Dungeon |   2914 |   2677 |    237 |    228 |   2097 |   6 |  485.7 |
        Temple |     51 |      9 |     42 |      0 |      0 |   1 |   51.0 |
               +--------+--------+--------+--------+--------+-----+--------+

Top non-repeatable levels by time:
     D:3: 955 daAuts
     D:1: 849 daAuts
     D:2: 807 daAuts
     D:4: 239 daAuts
     D:6: 62 daAuts
  Temple: 51 daAuts
     D:5: 0 daAuts
